 Dungeon Crawl Stone Soup version 0.23-a0-484-g29ba69c (webtiles) character file.

271 tsujin the Ruffian (level 6, -5/47 HPs)
             Began as a Draconian Transmuter on Nov 30, 2018.
             Slain by a gnoll
             ... wielding a +0 halberd
              (10 damage)
             ... on level 3 of the Dungeon.
             The game lasted 00:07:30 (2793 turns).

tsujin the Ruffian (Draconian Transmuter)           Turns: 2793, Time: 00:07:31

Health: -5/47      AC:  6    Str: 12    XL:     6   Next: 2%
Magic:  8/9        EV: 12    Int: 14    God:
Gold:   159        SH:  0    Dex: 11    Spells: 6/9 levels left

rFire    . . .     SeeInvis .     - Unarmed
rCold    . . .     Gourm    .   (no shield)
rNeg     . . .     Faith    .   (armour unavailable)
rPois    .         Spirit   .   (helmet currently unavailable)
rElec    .         Reflect  .   (no cloak)
rCorr    .         Harm     .   (no gloves)
MR       .....                  (no boots)
Stlth    +.........             (no amulet)
HPRegen  0.15/turn              e - ring of wizardry
MPRegen  0.11/turn              (no ring)

@: appendage
A: unfitting armour, horns 3, dopey 1, cold-blooded, AC +6
a: End Transformation


You were on level 3 of the Dungeon.
You were not hungry.
You had grown temporary horns.
You visited 1 branch of the dungeon, and saw 3 of its levels.

You collected 159 gold pieces.

Inventory:

Missiles
 a - 39 arrows
Jewellery
 e - a ring of wizardry (left hand)
Scrolls
 b - a scroll of amnesia {unknown}
 d - a scroll of remove curse
 g - 3 scrolls of identify {unknown}
 h - a scroll of enchant armour {unknown}
Potions
 i - 2 potions of mutation
 j - a potion of ambrosia {unknown}
Comestibles
 c - 7 rations
 f - 3 chunks of flesh


   Skills:
 - Level 1.1 Fighting
 - Level 1.7 Dodging
 + Level 5.3 Unarmed Combat
 - Level 2.0 Spellcasting
 - Level 4.5 Transmutations


You had 6 spell levels left.
You knew the following spells:

 Your Spells              Type           Power        Failure   Level  Hunger
a - Beastly Appendage     Tmut           ##....       1%          1    ##.....
b - Sticks to Snakes      Tmut           ##......     2%          2    ###....

Your spell library contained the following spells:

 Spells                   Type           Power        Failure   Level  Hunger
 Spider Form              Tmut/Pois      #.........   12%         3    ####...
 Ice Form                 Ice/Tmut       #.......     34%         4    #####..
 Blade Hands              Tmut           ##........   38%         5    ######.


Dungeon Overview and Level Annotations

Branches:
Dungeon (3/15)

Altars:
Zin

Annotations:
D:2 Natasha


Innate Abilities, Weirdness & Mutations

Your plain brown scales are hard. (AC +6)
You cannot fit into any form of body armour.
You are cold-blooded and may be slowed by cold attacks.
You have a pair of large horns on your head.
You are dopey. (Int -2)


Message History

The gnoll barely misses you. The gnoll hits you.
* * * LOW HITPOINT WARNING * * *
You take 2 damage, and have 13/47 hp.
Unknown command.
The gnoll closely misses you. The gnoll misses you.
You climb downwards.
There is a stone staircase leading up, spattered with blood here.
You barely miss the gnoll. Your punch misses the gnoll.
The gnoll hits you with a +0 halberd!
* * * LOW HITPOINT WARNING * * *
The gnoll hits you.
* * * LOW HITPOINT WARNING * * *
You take 9 damage, and have 5/47 hp.
Casting: Beastly Appendage (safe; 1% risk of failure)
Confirm with . or Enter, or press ? or * to list all spells.
Okay, then.
It was a potion of mutation.
You feel extremely strange.
You feel stupid. The horns on your head grow some more.
The gnoll hits you with a +0 halberd!
You die...

.........## #(# ##...##
#....... ..........# #..
##...###.T...>.
.##...###..###.##
##.....#...#.. .####..# #..#
..# ##<...#.#.... .# ##...##.#
#.# ####รท..#.... .#
##..#.###.### #...##... .##
#.#.......######........T ..#
#..#...g............##...
#.#### #..[...@g...##.##..# ..
#....## ###...........#.##...
..
####..###...........#...##.#..
...................((<.###.##..
......#####.........##...#
.....##._.##.((.....# #.#
......##'##.........# .#
....................#
###..8.....8..[.....#


You could see 2 gnolls.

Vanquished Creatures
  Purgy (D:3)
  An orc priest (D:3)
  An orc wizard (D:3)
  A worker ant (D:2)
  6 adders
  A gnoll (D:2)
  4 worms
  A dart slug (D:2)
  2 orcs (D:3)
  5 bats
  4 giant cockroaches
  6 goblins
  5 hobgoblins
  4 kobolds
  A quokka (D:2)
  A ball python (D:1)
  A frilled lizard (D:3)
  6 rats
51 creatures vanquished.

Vanquished Creatures (collateral kills)
  An orc (D:3)
1 creature vanquished.

Grand Total: 52 creatures vanquished

Notes
Turn   | Place    | Note
-------+----------+-------------------------------------------
     0 | D:1      | tsujin the Draconian Transmuter began the quest for the
                  | Orb.
     0 | D:1      | Reached XP level 1. HP: 16/16 MP: 3/3
   430 | D:1      | Reached XP level 2. HP: 23/23 MP: 5/5
   643 | D:2      | Reached skill level 4 in Unarmed Combat
   888 | D:2      | Reached XP level 3. HP: 27/28 MP: 6/6
   908 | D:2      | Learned a level 2 spell: Sticks to Snakes
  1305 | D:2      | Reached skill level 5 in Unarmed Combat
  1305 | D:2      | Reached XP level 4. HP: 18/35 MP: 7/7
  2153 | D:3      | HP: 1/35 [orc wizard/magic dart (7)]
  2156 | D:3      | Reached XP level 5. HP: 2/40 MP: 6/8
  2497 | D:3      | Noticed Purgy
  2525 | D:3      | Killed Purgy
  2668 | D:3      | Found a glowing silver altar of Zin.
  2696 | D:3      | Noticed Natasha
  2714 | D:2      | Reached XP level 6. HP: 24/47 MP: 6/9
  2793 | D:3      | Gained mutation: You are dopey. (Int -2) [potion of
                  | mutation]
  2793 | D:3      | Gained mutation: You have a pair of large horns on your
                  | head. [potion of mutation]
  2793 | D:3      | Slain by a gnoll

Vault maps used:
D:1:      elethiomel_arrival_shortcut, minmay_stone_trees_small,
          item_on_display_b
D:2:      minmay_pentomino_p2
D:3:      zin_statuary, uniq_natasha, uniq_purgy

Skill      XL: |  1  2  3  4  5 |
---------------+----------------+-----
Unarmed Combat | 4 5 |  5.3
Transmutations | 3 4 |  4.5
Fighting       | |  1.1
Dodging        | |  1.7
Spellcasting   | |  2.0

Action                   |  1- 3 |  4- 6 || total
-------------------------+-------+-------++-------
Melee: Unarmed           |   125 |    96 ||   221
       Kick              |     9 |     1 ||    10
       Headbutt          |     6 |    12 ||    18
       Tailslap          |    12 |    10 ||    22
       Punch             |     3 |       ||     3
 Cast: Beastly Appendage |    17 |    14 ||    31
       Sticks to Snakes  |     1 |    11 ||    12
  Use: Potion            |     1 |     5 ||     6
       Scroll            |     2 |       ||     2
  Eat: Chunk             |     2 |     6 ||     8
Armor: Skin              |    34 |    22 ||    56
Dodge: Dodged            |    72 |    80 ||   152

Table legend:
 A = Non-vault XP
 B = Vault XP
 C = Vault XP percentage of total XP
 D = Non-vault monster count
 E = Vault monster count
 F = Vault count percentage of total count
                 A         B        C        D         E       F
            +---------+---------+-------+---------+---------+-------
      Total |     279 |     109 |  28.1 |      50 |       2 |   3.8
            +---------+---------+-------+---------+---------+-------
        D:1 |      33 |       0 |   0.0 |      12 |       0 |   0.0
        D:2 |     135 |       1 |   0.7 |      23 |       1 |   4.2
        D:3 |     111 |     108 |  49.3 |      15 |       1 |   6.2
            +---------+---------+-------+---------+---------+-------
